 Dungeon Sprint DCSS version 0.29-a0-416-g83a48905f1 (webtiles) character file.

Game seed: 11998519819927909304

2289 mhtbhm the Imperceptible (level 9, -1/69 HPs)
             Began as a Spriggan Brigand on May 16, 2022.
             Was a Believer of Dithmenos.
             Slain by a centaur warrior (10 damage)
             ... in the Dungeon (Sprint I: "Red Sonja").
             The game lasted 00:05:52 (872 turns).

mhtbhm the Imperceptible (Spriggan Brigand)          Turns: 872, Time: 00:05:52

Health: -1/69      AC:  5    Str:  7    XL:     9   Next: 17%
Magic:  14/14      EV: 18    Int: 12    God:    Dithmenos [**....]
Gold:   845        SH:  0    Dex: 21    Spells: 8/8 levels left

rFire   . . .      SeeInvis +   a - +2 short sword (venom)
rCold   . . .      Faith    .   (no shield)
rNeg    . . .      Spirit   .   b - +0 troll leather armour
rPois   .          Reflect  .   (helmet restricted)
rElec   .          Harm     .   c - +0 cloak
rCorr   .          Rampage  .   (gloves unavailable)
Will    +....      NoTele   +   (boots unavailable)
Stlth   ..........              (no amulet)
HPRegen 1.01/turn               (no ring)
MPRegen 0.14/turn               (no ring)

@: berserking, wreathed by umbra, very quick
A: very small, no large weapons, unfitting armour, see invisible, speed 3
a: Renounce Religion, Shadow Step


You were in the Dungeon.
You worshipped Dithmenos.
Dithmenos was pleased with you.
You visited 1 branch You collected 845 gold pieces.

Inventory:

Hand Weapons
 a - a +2 short sword of venom (weapon)
Missiles
 d - 8 poisoned darts (quivered)
 l - a curare-tipped dart
Armour
 b - a +0 troll leather armour (worn)
 c - a +0 cloak (worn)
Wands
 e - a wand of charming (1)
Scrolls
 m - a scroll of poison {unknown}
 n - a scroll of amnesia {unknown}
 p - a scroll of fog {unknown}
Potions
 f - 3 potions of curing
 g - 2 potions of heal wounds
 h - a potion of haste
 i - 2 potions of magic
 o - a potion of experience {unknown}
 q - a potion of lignification {unknown}


   Skills:
 + Level 4.9 Fighting
 + Level 6.4 Short Blades
 + Level 10.0 Throwing
 + Level 3.7 Dodging
 + Level 22.5 Stealth
 * Level 6.5 Invocations
 + Level 3.7 Evocations


You had 8 spell levels left.
You didn't know any spells.
Your spell library contained the following spells:

 Spells                   Type           Power      Damage    Failure   Level
 Animate Skeleton         Necr           0%         N/A       45%         1
 Apportation              Tloc           0%         N/A       45%         1
 Summon Small Mammal      Summ           0%         N/A       45%         1


Dungeon Overview and Level Annotations

Branches:
Dungeon (1/1)

Altars:
Cheibriados
Dithmenos
Elyvilon
Fedhas
Gozag
Hepliaklqana
Kikubaaqudgha
Makhleb
Nemelex Xobeh
Okawaru
Qazlal
Ru
Sif Muna
Trog
Uskayaw
Vehumet
Wu Jian
Xom
Yredelemnul
Zin
The Shining One
Jiyva
Lugonu

Shops:
D =[[


Innate Abilities, Weirdness & Mutations

You are very small and have problems with some larger weapons.
You are too small for most types of armour.
You have supernaturally acute eyesight. (SInv)
You cover ground extremely quickly. (Speed+++)


Message History

Found a battleaxe.
As you read the scroll of blinking, it crumbles to dust.
The centaur warrior shouts! x2
The centaur warrior completely misses you.
The centaur warrior barely misses you. The centaur warrior hits you.
The centaur warrior closely misses you. The centaur warrior hits you.
The centaur warrior kicks you but does no damage.
Unknown command.
A red film seems to cover your vision as you go berserk!
You feel yourself moving faster!
You feel mighty! The centaur warrior hits you!
The centaur warrior kicks you but does no damage.
The centaur warrior hits you. The centaur warrior kicks you.
The centaur warrior hits you!
The centaur warrior completely misses you.
You puncture the centaur warrior!
The centaur warrior is moderately wounded.
The centaur warrior hits you but does no damage.
The centaur warrior kicks you but does no damage.
You hit the centaur warrior.
The centaur warrior is poisoned.
The centaur warrior is moderately wounded.
The centaur warrior completely misses you.
The centaur warrior kicks you but does no damage.
You hit the centaur warrior.
The centaur warrior is moderately wounded.
The centaur warrior hits you! The centaur warrior barely misses you.
The centaur warrior hits you but does no damage.
The centaur warrior kicks you but does no damage.
You puncture the centaur warrior!
The centaur warrior looks as sick as possible!
The centaur warrior is heavily wounded.
The centaur warrior completely misses you.
The centaur warrior kicks you. The centaur warrior hits you!
* * * LOW HITPOINT WARNING * * *
The centaur warrior kicks you.
* * * LOW HITPOINT WARNING * * *
You puncture the centaur warrior!
The centaur warrior looks as sick as possible!
The centaur warrior is severely wounded.
The centaur warrior hits you!
You die...

#######################
#..'..#.)'..#__#..'..)#
)).#..'..#..'..'..#...#
#####'#####'#__####)..+
####..#...#.####§§#####
#__####..##.#≈§§§c#
#_____##'#_.'§§§@§+
#_.∩...'..._#§§§§c#
#_..__##_)#'##+####
#_____###'#[#[..(###
#########.####'###(##
...[...'...'.....'.∩#
++++####...##########
###.### #.#'#.#


You could see 2 centaur warriors.

Vanquished Creatures
  Sonja (D)
  A deep troll (D)
  2 kobold demonologists (D)
  A slime creature (D)
  Sigmund (D)
  A yak (D)
  A floating eye (D)
  An ogre (D)
  A jelly (D)
  Ijyb (D)
  A ballistomycete spore (D)
12 creatures vanquished.

Vanquished Creatures (others)
  A ballistomycete spore (D)
1 creature vanquished.

Grand Total: 13 creatures vanquished

Notes
Turn   | Place    | Note
-------+----------+-------------------------------------------
     0 | D        | mhtbhm the Spriggan Brigand began the quest for the Orb.
     0 | D        | Reached XP level 1. HP: 10/10 MP: 2/2
     2 | D        | Noticed Ijyb
    10 | D        | Killed Ijyb
    11 | D        | Reached skill level 9 in Stealth
    11 | D        | Reached XP level 2. HP: 15/15 MP: 3/3
    24 | D        | Noticed an ogre
    32 | D        | Killed an ogre
    33 | D        | Reached skill level 13 in Stealth
    33 | D        | Reached XP level 3. HP: 19/19 MP: 4/4
    33 | D        | Reached XP level 4. HP: 23/23 MP: 5/5
    56 | D        | Noticed Sigmund
    59 | D        | Killed Sigmund
    60 | D        | Reached skill level 5 in Throwing
    60 | D        | Reached skill level 16 in Stealth
    60 | D        | Reached XP level 5. HP: 28/28 MP: 6/6
    60 | D        | Reached XP level 6. HP: 32/32 MP: 7/7
    75 | D        | Found an ornate altar of the Wu Jian Council.
    75 | D        | Found a shimmering blue altar of Sif Muna.
    77 | D        | Found a radiant altar of Vehumet.
   120 | D        | Found Rehane's Antique Armour Emporium.
   120 | D        | Found an ancient bone altar of Kikubaaqudgha.
   120 | D        | Found a hazy altar of Hepliaklqana.
   120 | D        | Found a stormy altar of Qazlal.
   120 | D        | Found a hide-covered altar of Uskayaw.
   120 | D        | Found a blossoming altar of Fedhas.
   120 | D        | Found a bloodstained altar of Trog.
   120 | D        | Found an iron altar of Okawaru.
   120 | D        | Found a basalt altar of Yredelemnul.
   120 | D        | Found a glowing golden altar of the Shining One.
   120 | D        | Found a snail-covered altar of Cheibriados.
   120 | D        | Found a sacrificial altar of Ru.
   120 | D        | Found a glowing silver altar of Zin.
   120 | D        | Found a shadowy altar of Dithmenos.
   120 | D        | Found a white marble altar of Elyvilon.
   120 | D        | Noticed a yak
   121 | D        | Found an opulent altar of Gozag.
   139 | D        | Killed a yak
   140 | D        | Reached skill level 5 in Short Blades
   140 | D        | Reached skill level 18 in Stealth
   150 | D        | Found a sparkling altar of Nemelex Xobeh.
   159 | D        | Became a worshipper of Dithmenos the Shadowed
   225 | D        | Noticed Sonja
   251 | D        | Your ally Sonja died
   252 | D        | Reached skill level 20 in Stealth
   252 | D        | Reached skill level 1 in Evocations
   252 | D        | Reached XP level 7. HP: 35/38 MP: 7/11
   286 | D        | Found Qetwyurr's Jewellery Boutique.
   642 | D        | Noticed a deep troll
   712 | D        | Reached skill level 21 in Stealth
   712 | D        | Reached skill level 5 in Invocations
   712 | D        | Reached XP level 8. HP: 42/42 MP: 12/12
   732 | D        | Found Epras's Armour Emporium.
   817 | D        | Found a burning altar of Makhleb.
   817 | D        | Found a viscous altar of Jiyva.
   817 | D        | Found a shimmering altar of Xom.
   817 | D        | Found a corrupted altar of Lugonu.
   817 | D        | Noticed a slime creature
   820 | D        | Killed a slime creature
   820 | D        | Reached * piety under Dithmenos
   836 | D        | Noticed a kobold demonologist
   837 | D        | Noticed a kobold demonologist
   841 | D        | Killed a kobold demonologist
   842 | D        | Reached skill level 22 in Stealth
   842 | D        | Reached XP level 9. HP: 46/46 MP: 14/14
   843 | D        | Killed a kobold demonologist
   843 | D        | Reached ** piety under Dithmenos
   844 | D        | Reached skill level 10 in Throwing
   865 | D        | Noticed a centaur warrior
   865 | D        | Noticed a centaur warrior
   872 | D        | Slain by a centaur warrior

Illustrated notes

Levels and vault maps discovered:
D:        dungeon_sprint_1 [red_sonja_temple_1, red_sonja_temple_small_1]

Skill      XL: |  1  2  3  4  5  6  7  8  9 |
---------------+----------------------------+-----
Fighting       | 2 3 4 |  4.9
Stealth        | 9 13 16 20 21 22 | 22.5
Short Blades   | 3 4 5 6 |  6.4
Throwing       | 3 5 7 8 9 10 | 10.0
Dodging        | 2 3 |  3.7
Invocations    | 4 5 6 |  6.5
Evocations     | 1 2 3 |  3.7

Action                   |  1- 3 |  4- 6 |  7- 9 || total
-------------------------+-------+-------+-------++-------
Melee: Dagger            |       |     5 |       ||     5
       Short sword       |       |       |    10 ||    10
Throw: Dart              |     6 |    10 |    20 ||    36
Evoke: Wand              |       |     3 |     4 ||     7
  Use: Scroll            |       |       |     1 ||     1
       Potion            |       |       |     1 ||     1
 Stab: Sleeping          |       |     2 |     4 ||     6
Armor: Troll leather arm |       |       |     7 ||     7
Dodge: Dodged            |       |     4 |     7 ||    11

Table legend: (Time is in decaauts)
 A = Elapsed time spent in this place.
 B = Non-inter-level travel time spent in this place.
 C = Inter-level travel time spent in this place.
 D = Time resting spent in this place.
 E = Time spent auto-exploring this place.
 F = Levels seen in this place.
 G = Mean time per level.
                   A        B        C        D        E       F      G
               +--------+--------+--------+--------+--------+-----+--------+
         Total |    701 |    701 |      0 |    305 |      0 |   1 |  701.0 |
       Dungeon |    701 |    701 |      0 |    305 |      0 |   1 |  701.0 |
               +--------+--------+--------+--------+--------+-----+--------+

Top non-repeatable levels by time:
       D: 701 daAuts
